 Dungeon Crawl Stone Soup version 0.16.2-12-gd0ad4c3 (webtiles) character file.

66834 magipi the Severer (level 15, -5/123 HPs)
             Began as a Ghoul Gladiator on Mar 8, 2016.
             Was the Champion of Makhleb.
             Slain by a fire giant
             ... wielding a +1 great sword of flaming
              (27 damage)
             ... on level 13 of the Dungeon.
             The game lasted 02:15:04 (15240 turns).

magipi the Severer (Ghoul Gladiator)               Turns: 15240, Time: 02:15:04

Health: -5/123     AC: 29    Str: 21    XL:     15   Next: 21%
Magic:  29/29      EV:  7    Int:  5    God:    Makhleb [******]
Gold:   1323       SH:  0    Dex: 10    Spells: 0 memorised, 14 levels left

rFire  + + .     SeeInvis .     a - +4 battleaxe (elec)
rCold  + + +     Clarity  .     H - +2 plate armour {rPois}
rNeg   + + +     SustAb   .     (no shield)
rPois  ∞         Gourm    .     x - +2 helmet
rElec  +         Spirit   .     (no cloak)
rCorr  +         Warding  .     n - +2 pair of gloves
rMut   +         Stasis   .     I - +4 pair of boots of the Villain {+Fly Regen+ Int-2 Slay+3}
MR     +....                    j - amulet of resist mutation
Stlth  ..........               f - ring of protection from fire
                                c - ring of protection from cold

@: resistant, very slightly contaminated, rotting, slowed, very slow, somewhat
resistant to hostile enchantments, extremely unstealthy
A: rotting body, claws 1, carnivore 3, cold resistance 1, negative energy
resistance 3, poison resistance, slow healing 1, torment resistance, unbreathing
a: Minor Destruction, Lesser Servant of Makhleb, Major Destruction, Greater
Servant of Makhleb, Renounce Religion, Evoke Flight


You were on level 13 of the Dungeon.
You worshipped Makhleb.
Makhleb was exalted by your worship.
You were not hungry.

You visited 4 branches of the dungeon, and saw 26 of its levels.

You collected 2135 gold pieces.
You spent 812 gold pieces at shops.

Inventory:

Hand weapons
 a - a +4 battleaxe of electrocution (weapon)
 b - a +0 blowgun
 L - a +0 war axe
Missiles
 d - 2 throwing nets (quivered)
 i - 52 poisoned needles
 q - 4 javelins of penetration
 t - 14 stones
 W - 2 curare-tipped needles
Armour
 n - a +2 pair of gloves (worn)
 o - a +0 chain mail of fire resistance
 x - a +2 helmet (worn)
 H - a +2 plate armour of poison resistance (worn)
 I - the +4 pair of boots of the Villain (worn) {+Fly Regen+ Int-2 Slay+3}
   (You found it on level 6 of the Dungeon)

   It affects your intelligence (-2).
   It affects your accuracy and damage with ranged weapons and melee attacks
   (+3).
   It lets you fly.
   It increases your rate of regeneration.
Jewellery
 c - a ring of protection from cold (left hand)
 f - a ring of protection from fire (right hand)
 j - an amulet of resist mutation (around neck)
 F - an uncursed ring of wizardry
 J - an uncursed ring of invisibility
Magical devices
 g - a wand of disintegration (13)
 v - a wand of lightning (4)
 N - a wand of enslavement (17)
 P - a wand of lightning (0)
 X - a wand of confusion (22)
 Z - a wand of digging (7)
Scrolls
 e - a scroll of silence
 h - 4 scrolls of enchant armour
 m - 4 scrolls of remove curse
 y - a scroll of torment
 z - 2 scrolls of amnesia
 R - 3 scrolls of fog
 S - a scroll of blinking
 U - a scroll of fear
 Y - a scroll of summoning
Potions
 k - 9 potions of curing
 l - 3 potions of resistance
 p - 2 potions of flight
 r - 2 potions of agility
 s - 2 potions of ambrosia
 A - a potion of haste
 C - 4 potions of restore abilities
 D - a potion of invisibility
 K - a potion of cancellation
 M - 3 potions of magic
Books
 u - a book of Necromancy

   Spells                             Type                      Level
   a - Pain                           Necromancy                   1
   b - Animate Skeleton               Necromancy                   1
   c - Vampiric Draining              Necromancy                   3
   d - Regeneration                   Charms/Necromancy            3
   e - Animate Dead                   Necromancy                   4
   f - Control Undead                 Necromancy                   4
 w - a book of the Tempests

   Spells                             Type                      Level
   a - Static Discharge               Conjuration/Air              3
   b - Lightning Bolt                 Conjuration/Air              5
   c - Fireball                       Conjuration/Fire             5
   d - Tornado                        Air                          9
   e - Shatter                        Earth                        9
 Q - a book of Party Tricks

   Spells                             Type                      Level
   a - Summon Butterflies             Summoning                    1
   b - Apportation                    Translocation                1
   c - Tukima's Dance                 Hexes                        3
   d - Alistair's Intoxication        Transmutation/Poison         4
   e - Invisibility                   Hexes                        6
 T - a book of Frost

   Spells                             Type                      Level
   a - Freeze                         Ice                          1
   b - Throw Frost                    Conjuration/Ice              2
   c - Ozocubu's Armour               Charms/Ice                   3
   d - Throw Icicle                   Conjuration/Ice              4
   e - Summon Ice Beast               Ice/Summoning                4
   f - Condensation Shield            Ice                          4
Comestibles
 E - 10 meat rations
 V - 9 beef jerkies


   Skills:
 - Level 8.6 Fighting
 + Level 15.0 Axes
 - Level 1.7 Throwing
 - Level 10.6 Armour
 - Level 2.6 Dodging
 - Level 10.0 Invocations
 - Level 12.4 Evocations


You had 14 spell levels left.
You didn't know any spells.

Dungeon Overview and Level Annotations

Branches:
Dungeon (13/15)            Temple (1/1) D:4            Lair (8/8) D:9
  Snake (0/5) Lair:4        Slime (0/6) Lair:6          Orc (4/4) D:10
    Elf (0/3) Orc:4        Vaults (0/5) D:13
  Swamp: Lair:3-6    Shoals: Lair:3-6

Altars:
Ashenzari
Cheibriados
Dithmenos
Elyvilon
Gozag
Kikubaaqudgha
Makhleb
Nemelex Xobeh
Okawaru
Ru
Sif Muna
Trog
Vehumet
Xom
Yredelemnul
Zin
The Shining One
Beogh

Shops:
D:6 (   Orc:3 :   Orc:4 %%[}

Portals:
Pandemonium: Orc:4
Trove: D:13 (give +4 demon trident)

Annotations:
D:5 exclusion: statue
Lair:6 Lair


Innate Abilities, Weirdness & Mutations

Your body is rotting away.
You thrive on raw meat.
You have sharp fingernails.
You are carnivorous and can eat meat at any time.
Your flesh is cold resistant.
You are immune to negative energy.
Your system is resistant to poisons.
You heal slowly when monsters are visible.
You are immune to unholy pain and torment.
You can survive without breathing.

Vault maps used:
D:1:      lemuel_arrival_tunnels
D:2:      gammafunk_temple_overflow_claw, first_bread, minmay_snake_closets
D:3:      kennysheep_the_goblin_king
D:4:      temple_fountains, minmay_ogre_servants
D:5:      lemuel_doored_altar, vehumet_statue
D:6:      nicolae_gozag_cash_rules_everything_around_me, serial_shops,
          kennysheep_mini, wad_floor_pattern_untrapped, minivault_5,
          minmay_misc_feat_diagonals
D:7:      nicolae_overflow_hidden_temple, grunt_ogre_cave, cheibriados_altar_1
D:8:      grunt_temple_overflow_forces_of_nature, nemelex_deck,
          corexii_checkpoint_a, serial_bayou_pond_b, uniq_eustachio, uniq_grum
D:9:      grunt_temple_overflow_order_and_chaos_2, lemuel_blue_sif_altar
D:10:     erik_orc_4, uniq_urug
D:11:     uniq_nessos
D:13:     erik_vaults_1, nicolae_trove_entry_free_sample, jmf_multi_god_temple2
Temple:   temple_of_Zot_ovaries
Lair:1:   infiniplex_staircase_pool, grunt_megastairs_2, uniq_fannar
Lair:2:   lemuel_fruit_tree, lemuel_fruit_fields
Lair:3:   lemuel_reptile_caves, infiniplex_staircase_pool_2
Lair:4:   minmay_snake_entry_spellcaster
Lair:5:   lemuel_ratsnest, zaba_antful_of_joy
Lair:6:   nicolae_swamp_entry_splash_gauntlet, minmay_slime_entry_jelly_boxes,
          uniq_nergalle
Lair:7:   worms_lemuel
Lair:8:   minmay_lair_end_frog_pond
Orc:1:    small_statue_alley_c
Orc:2:    orc_temple, basic_altar, nicolae_orc_lava_room
Orc:3:    serial_shops, nicolae_shop_crystal, nicolae_orc_pool_cavern,
          trog_butcher_becter
Orc:4:    pf_orc_diabolical


Message History

The bolt of lightning hits you!
* * * LOW HITPOINT WARNING * * *
Unknown command.
Drink which item? (? for menu, Esc to quit)
You fade into invisibility!
You are very lightly contaminated with residual magic.
Unknown command.
Drink which item? (? for menu, Esc to quit)
You feel much better.
The cyclops throws a large rock.
Your green death hits the tengu conjurer!
Use which ability? (? or * to list)
A demon appears!
It doesn't seem very happy.
You feel somewhat more hungry.
The tengu conjurer mumbles some strange words.
Unknown command.
Read which item? (? for menu, Esc to quit)
Blink to where?
Press: ? - help, Dir - move target cursor, p - tengu conjurer
As you read the scroll of blinking, it crumbles to dust.
The cacodemon gestures at you.
You feel yourself slow down.
You hear a grinding noise.
You hear a grinding noise.
Found a robe.
A cyclops comes into view.
You hear a grinding noise.
Your green death misses the tengu conjurer.
Your green death hits the tengu conjurer!!
Read which item? (? for menu, Esc to quit)
Okay, then.
Unknown command.
Read which item? (? for menu, Esc to quit)
Blink to where?
Press: ? - help, Dir - move target cursor
As you read the scroll of blinking, it crumbles to dust.
A green death opens the large door.
You flicker for a moment.
Some rock shatters into small pieces.
Your green death hits the tengu conjurer!!
The tengu conjurer dies!
Makhleb accepts your kill.
Unknown command.
Read which item? (? for menu, Esc to quit)
As you read the scroll of teleportation, it crumbles to dust.
You feel strangely unstable.
Your green death gestures at the cacodemon.
The poison arrow hits the cacodemon.
The cacodemon partially resists.
You flicker back into view.
Your surroundings suddenly seem different.
There is an open door here.
The fire giant casts a spell at you. The bolt of fire misses you.
The fire giant hits you with a great sword of flaming!
* * * LOW HITPOINT WARNING * * *
The fire giant burns you.
* * * LOW HITPOINT WARNING * * *
Drink which item? (? for menu, Esc to quit)
You feel protected.
The fire giant hits you with a great sword of flaming.
* * * LOW HITPOINT WARNING * * *
The fire giant hits you but does no damage.
Unknown command.
Unknown command.
Unknown command.
You slice the fire giant!!
The fire giant is moderately wounded.
The fire giant hits you but does no damage.
You slash the fire giant!
The fire giant is moderately wounded.
The fire giant points at you and mumbles some strange words.
The bolt of fire hits you! You resist.
* * * LOW HITPOINT WARNING * * *
Unknown command.
You slash the fire giant!
The fire giant is heavily wounded.
The fire giant hits you but does no damage.
Unknown command.
You hit the fire giant.
The fire giant is heavily wounded.
The fire giant hits you but does no damage.
Unknown command.
You hit the fire giant but do no damage.
The fire giant is heavily wounded.
The fire giant points at you and mumbles some strange words.
The fireball explodes!
The fireball engulfs you! You resist.
* * * LOW HITPOINT WARNING * * *
The fireball engulfs the fire giant.
The fire giant resists.
The fire giant hits you with a great sword of flaming.
* * * LOW HITPOINT WARNING * * *
You hear a shout!
Drink which item? (? for menu, Esc to quit)
You feel much better.
The fire giant hits you with a great sword of flaming!
* * * LOW HITPOINT WARNING * * *
The fire giant burns you.
* * * LOW HITPOINT WARNING * * *
Unknown command.
You slice the fire giant!!
The fire giant is almost dead.
The fire giant hits you with a great sword of flaming!!
You die...

###....#.................#..
#......#....#####'#...).(#..
#......+....#.....#......#..
#....).#....#.....#(.....#..
#......+....#.))..#(.....#..
#......#....##)####......'..
#......#........)(.......#..
#......##'########(##+####..
#..........@..((.(....[.....
#.........C##'#####......###
#...........#......#......#
######......#......#......#
#.)....#......#.....)#
#..<...#.%....#......###
#......#......#.........
#......##+#####.........
#####.......................


You could see a fire giant.

Table legend:
 A = Kills in this place as a percentage of kills in entire the game.
 B = Kills by you in this place as a percentage of kills by you in the entire game.
 C = Kills by friends in this place as a percentage of kills by friends in the entire game.
 D = Other kills in this place as a percentage of other kills in the entire game.
 E = Experience gained in this place as a percentage of experience gained in the entire game.
 F = Experience gained in this place divided by the number of levels of this place that you have seen.
                   A       B       C       D       E      F
               +-------+-------+-------+-------+-------+----------------------
         Total | 100.0 | 100.0 | 100.0 | 100.0 | 100.0 | 3672.2
       Dungeon |  40.9 |  43.7 |   3.2 | 100.0 |  38.9 | 2857.9
          Lair |  34.5 |  37.3 |   0.0 |   0.0 |  44.3 | 5286.1
  Orcish Mines |  24.6 |  19.0 |  96.8 |   0.0 |  16.8 | 4009.0
               +-------+-------+-------+-------+-------+----------------------

Vanquished Creatures
  The ghost of kroki the Warrior, a powerful DrWz of Ashenzari (Orc:4)
  Fannar (Lair:1)
  Nessos (D:11)
  4 centaur warriors (D:13)
  2 dancing weapons (D:13)
  A soul eater (Orc:4)
  Urug (D:10)
  Nergalle (Lair:6)
  An unseen horror (D:11)
  5 skeletal warriors (D:13)
  2 orc knights (Orc:4)
  An orc sorcerer (Orc:4)
  5 hill giants
  2 cyclopes (D:12)
  6 elephants
  2 black mambas
  A naga mage (Lair:4)
  A gargoyle (D:11)
  An elephant (shapeshifter) (D:13)
  A torpor snail (Lair:3)
  24 spiny frogs
  3 fire drakes
  4 komodo dragons
  An efreet (D:13)
  A kobold demonologist (D:11)
  A troll (D:13)
  3 giant leeches (Lair:8)
  2 two-headed ogres (D:10)
  3 ravens (D:13)
  A two-headed ogre (shapeshifter) (D:13)
  4 blink frogs (Lair:8)
  3 wraiths
  2 trapdoor spiders
  A vampire (D:12)
  Grum (D:9)
  7 deep elf magi
  3 hippogriffs
  16 vampire mosquitoes
  A wyvern (Lair:6)
  21 wolves
  34 yaks
  2 wargs
  2 hungry ghosts (D:13)
  4 swamp worms (Lair:6)
  14 water moccasins
  7 porcupines
  15 orc warriors
  4 ice beasts
  5 phantoms
  4 sky beasts
  A wasp (D:9)
  A boggart (D:13)
  10 ogres
  8 centaurs
  22 crocodiles
  36 giant frogs
  A brain worm (Lair:7)
  2 wyvern zombies
  A wyvern skeleton (D:11)
  3 scorpions
  9 killer bees
  13 wights
  4 electric eels (Lair:8)
  7 crimson imps
  5 goliath beetles
  22 orc priests
  14 jellies
  2 giant frog skeletons
  2 centaur skeletons
  13 hounds
  18 iguanas
  21 orc wizards
  6 worker ants
  A spectral orc (Lair:6)
  A hound zombie (D:11)
  19 adders
  4 gnolls (D:7)
  46 river rats
  3 worms (D:2)
  A shadow imp (D:11)
  An ufetubus (D:11)
  An adder skeleton (D:5)
  14 giant geckos
  An ooze (Lair:6)
  121 orcs
  12 bats
  A bat skeleton (D:8)
  2 giant cockroaches
  17 hobgoblins
  17 jackals
  A giant gecko zombie (D:6)
  11 giant newts
  4 giant spores
  32 goblins
  5 kobolds
  2 orc zombies (Orc:4)
  13 quokkas
  A quokka skeleton (D:6)
  A quokka zombie (D:5)
  7 rats
  6 ballistomycetes
  A bush (Lair:8)
  4 fungi
  5 plants (Lair:8)
809 creatures vanquished.

Vanquished Creatures (collateral kills)
  A tengu warrior (D:13)
  3 orc high priests (Orc:4)
  A gelid demonspawn (Orc:4)
  A torturous demonspawn (Orc:4)
  A putrid demonspawn (Orc:4)
  4 orc knights (Orc:4)
  8 orc sorcerers (Orc:4)
  2 rust devils (Orc:4)
  A hellwing (Orc:4)
  A red devil (Orc:4)
  A tengu conjurer (D:13)
  12 orc warriors (Orc:4)
  10 orc priests (Orc:4)
  5 orc zombies (Orc:4)
  11 orcs (Orc:4)
62 creatures vanquished.

Vanquished Creatures (others)
  A hound (D:9)
  An adder (D:8)
  A shadow imp (D:8)
  A giant spore (D:8)
  A ballistomycete (D:8)
  17 fungi
  10 plants
32 creatures vanquished.

Grand Total: 903 creatures vanquished

Notes
Turn   | Place    | Note
--------------------------------------------------------------
     0 | D:1      | magipi, the Ghoul Gladiator, began the quest for the Orb.
     0 | D:1      | Reached XP level 1. HP: 17/17 MP: 1/1
   227 | D:1      | Reached skill level 3 in Axes
   232 | D:1      | Reached XP level 2. HP: 19/21 MP: 2/2
   466 | D:2      | Reached XP level 3. HP: 10/29 MP: 3/3
   574 | D:2      | Reached skill level 4 in Axes
   772 | D:2      | Reached XP level 4. HP: 33/36 MP: 3/3
   834 | D:2      | Found a snail-covered altar of Cheibriados.
   834 | D:2      | Found a shimmering altar of Xom.
   835 | D:2      | Found a basalt altar of Yredelemnul.
  1722 | D:3      | Reached skill level 5 in Axes
  1824 | D:4      | Reached XP level 5. HP: 39/39 MP: 4/4
  1840 | D:4      | Found a staircase to the Ecumenical Temple.
  1860 | Temple   | Entered the Ecumenical Temple
  2094 | D:4      | Noticed an ogre
  2112 | D:4      | Killed an ogre
  2112 | D:4      | Reached skill level 6 in Axes
  2112 | D:4      | Reached XP level 6. HP: 29/45 MP: 5/5
  2229 | D:5      | Entered Level 5 of the Dungeon
  2487 | D:5      | Found a radiant altar of Vehumet.
  2663 | D:6      | Got a pair of warped boots
  2669 | D:6      | Identified the +4 pair of boots of the Villain {+Fly Regen+ Int-2 Slay+3} (You found it on level 6 of the Dungeon)
  2716 | D:6      | Found Zorai's Weapon Boutique.
  2725 | D:6      | Reached skill level 7 in Axes
  2725 | D:6      | Reached XP level 7. HP: 51/55 MP: 5/5
  2729 | D:6      | Bought a +0 battleaxe of electrocution for 236 gold pieces
  2739 | D:6      | Found an opulent altar of Gozag.
  3100 | D:6      | Reached skill level 8 in Axes
  3190 | D:5      | Found an ancient bone altar of Kikubaaqudgha.
  3419 | D:5      | Reached XP level 8. HP: 61/61 MP: 6/6
  3586 | D:7      | Reached skill level 9 in Axes
  3738 | D:7      | Found a snail-covered altar of Cheibriados.
  3788 | D:7      | Found a bloodstained altar of Trog.
  3963 | D:7      | Reached skill level 10 in Axes
  4047 | D:7      | Reached skill level 1 in Armour
  4103 | D:7      | Reached XP level 9. HP: 45/70 MP: 7/7
  4498 | D:8      | Reached skill level 5 in Fighting
  4612 | D:8      | Found a sparkling altar of Nemelex Xobeh.
  4858 | D:8      | Reached skill level 5 in Armour
  4892 | D:8      | Noticed a five-headed hydra
  4958 | D:9      | Reached XP level 10. HP: 86/86 MP: 7/7
  5071 | D:9      | Noticed Grum
  5090 | D:9      | Killed Grum
  5330 | D:9      | Found a staircase to the Lair.
  5396 | D:9      | Found a deep blue altar of Sif Muna.
  5563 | D:9      | Found a burning altar of Makhleb.
  5563 | D:9      | Noticed a cacodemon
  5571 | D:9      | Found a glowing silver altar of Zin.
  5571 | D:9      | Noticed an angel
  5577 | D:9      | Became a worshipper of Makhleb the Destroyer
  5673 | D:10     | Entered Level 10 of the Dungeon
  5719 | D:9      | Reached skill level 1 in Invocations
  5809 | D:10     | Reached skill level 1 in Evocations
  5934 | D:10     | Acquired Makhleb's first power
  6178 | D:10     | Found a staircase to the Orcish Mines.
  6229 | D:10     | Noticed Urug
  6250 | D:10     | Killed Urug
  6720 | Lair:1   | Entered Level 1 of the Lair of Beasts
  6766 | Lair:1   | Reached skill level 5 in Invocations
  6766 | Lair:1   | Reached XP level 11. HP: 82/95 MP: 17/17
  6799 | Lair:1   | Noticed Fannar
  6808 | Lair:1   | Killed Fannar
  6808 | Lair:1   | Reached skill level 5 in Evocations
  6833 | Lair:1   | Noticed a black mamba
  6852 | Lair:1   | Killed a black mamba
  6915 | Lair:1   | Acquired Makhleb's second power
  6984 | Lair:1   | Got an ichor-stained cloak
  6994 | Lair:1   | Identified the +2 cloak of Mezcal {-Tele +Fly rF+ rC+ Str+6} (You found it on level 1 of the Lair of Beasts)
  7314 | Lair:2   | Acquired Makhleb's third power
  7747 | Lair:3   | Reached XP level 12. HP: 103/103 MP: 23/23
  7765 | Lair:3   | Acquired Makhleb's fourth power
  7958 | Lair:4   | Found a staircase to the Snake Pit.
  8178 | Lair:4   | Noticed an eight-headed hydra
  8252 | Lair:5   | Reached skill level 10 in Invocations
  8334 | Lair:5   | Noticed a four-headed hydra
  8371 | Lair:6   | Noticed Nergalle
  8390 | Lair:6   | Killed Nergalle
  8390 | Lair:6   | Acquired Makhleb's fifth power
  8683 | Lair:6   | Found a staircase to the Slime Pits.
  8702 | Lair:6   | Reached skill level 10 in Evocations
  8931 | Lair:7   | Noticed a four-headed hydra
  9131 | Lair:8   | Entered Level 8 of the Lair of Beasts
  9141 | Lair:8   | Reached XP level 13. HP: 99/108 MP: 25/25
  9143 | Lair:8   | Reached skill level 11 in Evocations
  9654 | Lair:8   | Reached skill level 10 in Armour
  9707 | Lair:8   | Reached skill level 12 in Evocations
 11013 | Orc:1    | Entered Level 1 of the Orcish Mines
 11589 | Orc:4    | Entered Level 4 of the Orcish Mines
 11646 | Orc:4    | Found a staircase to the Elven Halls.
 11886 | Orc:4    | Noticed kroki's ghost (powerful DrWz)
 11969 | Orc:4    | Killed kroki's ghost
 11969 | Orc:4    | Reached XP level 14. HP: 116/116 MP: 28/28
 12133 | Orc:3    | Found Opnupniv's Book Shop.
 12199 | Orc:4    | Found Twuics' Food Boutique.
 12211 | Orc:4    | Found Aryurch's Food Shop.
 12381 | Orc:4    | Found Sanef's Antique Armour Shoppe.
 12381 | Orc:4    | Found a one-way gate leading to the halls of Pandemonium.
 12381 | Orc:4    | Found Pheviton's Gadget Emporium.
 12401 | Orc:4    | Bought a wand of disintegration (14) for 306 gold pieces
 12403 | Orc:4    | Bought a shiny helmet for 135 gold pieces
 12403 | Orc:4    | Bought a shiny chain mail for 135 gold pieces
 12881 | Orc:3    | Found a bloodstained altar of Trog.
 13081 | Orc:2    | Found a roughly hewn altar of Beogh.
 13395 | D:11     | Killed an unseen horror
 13473 | D:11     | Noticed Nessos
 13488 | D:11     | Killed Nessos
 13602 | D:11     | Reached skill level 13 in Axes
 14580 | D:13     | Found a large runed door.
 14581 | D:13     | Found a large runed door.
 14604 | D:13     | Reached skill level 14 in Axes
 14807 | D:13     | Reached XP level 15. HP: 98/123 MP: 29/29
 15094 | D:13     | Found a portal to a secret trove of treasure.
 15154 | D:13     | Noticed a tengu reaver
 15156 | D:13     | Noticed a fire giant
 15169 | D:13     | Found a gate to the Vaults.
 15178 | D:13     | Reached skill level 15 in Axes
 15240 | D:13     | Slain by a fire giant

Action                   |  1- 3 |  4- 6 |  7- 9 | 10-12 | 13-15 || total
-------------------------+-------+-------+-------+-------+-------++-------
Melee: War axe           |    85 |   223 |       |       |       ||   308
       Battleaxe         |       |       |   254 |   553 |   893 ||  1700
 Fire: Blowgun           |       |       |    35 |    17 |     8 ||    60
Throw: Throwing net      |     2 |     2 |       |     4 |       ||     8
Invok: Lesser Servant of |       |       |       |       |     1 ||     1
       Greater Servant o |       |       |       |       |     4 ||     4
Evoke: Wand              |       |       |       |     5 |    11 ||    16
  Use: Scroll            |       |       |       |    28 |    17 ||    45
       Potion            |       |       |       |     2 |     7 ||     9
 Stab: Held in net/web   |       |       |       |     2 |       ||     2
       Paralysed         |       |       |       |       |     1 ||     1
  Eat: Chunk             |    14 |    22 |    17 |    49 |    80 ||   182

Action                   |  1- 3 |  4- 6 |  7- 9 | 10-12 | 13-15 || total
-------------------------+-------+-------+-------+-------+-------++-------
Melee: War axe           |    85 |   223 |       |       |       ||   308
       Battleaxe         |       |       |   254 |   553 |   893 ||  1700
 Fire: Blowgun           |       |       |    35 |    17 |     8 ||    60
Throw: Throwing net      |     2 |     2 |       |     4 |       ||     8
Invok: Lesser Servant of |       |       |       |       |     1 ||     1
       Greater Servant o |       |       |       |       |     4 ||     4
Evoke: Wand              |       |       |       |     5 |    11 ||    16
  Use: Scroll            |       |       |       |    28 |    17 ||    45
       Potion            |       |       |       |     2 |     7 ||     9
 Stab: Held in net/web   |       |       |       |     2 |       ||     2
       Paralysed         |       |       |       |       |     1 ||     1
  Eat: Chunk             |    14 |    22 |    17 |    49 |    80 ||   182

Action                   |  1- 3 |  4- 6 |  7- 9 | 10-12 | 13-15 || total
-------------------------+-------+-------+-------+-------+-------++-------
Melee: War axe           |    85 |   223 |       |       |       ||   308
       Battleaxe         |       |       |   254 |   553 |   893 ||  1700
 Fire: Blowgun           |       |       |    35 |    17 |     8 ||    60
Throw: Throwing net      |     2 |     2 |       |     4 |       ||     8
Invok: Lesser Servant of |       |       |       |       |     1 ||     1
       Greater Servant o |       |       |       |       |     4 ||     4
Evoke: Wand              |       |       |       |     5 |    11 ||    16
  Use: Scroll            |       |       |       |    28 |    17 ||    45
       Potion            |       |       |       |     2 |     7 ||     9
 Stab: Held in net/web   |       |       |       |     2 |       ||     2
       Paralysed         |       |       |       |       |     1 ||     1
  Eat: Chunk             |    14 |    22 |    17 |    49 |    80 ||   182
